 Dungeon Crawl Stone Soup version 0.20.1-1-g8b1a95d (webtiles) character file.

7324 Irenicus the Cleaver (level 10, -4/90 HPs)
             Began as a Deep Dwarf Fighter on Oct 28, 2017.
             Was a Priest of Makhleb.
             Killed from afar by a manticore (15 damage)
             ... with a volley of spikes
             ... on level 9 of the Dungeon.
             The game lasted 00:21:37 (6802 turns).

Irenicus the Cleaver (Deep Dwarf Fighter)           Turns: 6802, Time: 00:21:38

Health: -4/90      AC: 11    Str: 27    XL:     10   Next: 90%
Magic:  6/6        EV: 13    Int:  6    God:    Makhleb [***...]
Gold:   542        SH:  7    Dex: 11    Spells: 9/9 levels left

rFire    + . .     SeeInvis .   A - +0 hand axe (venom)
rCold    . . .     Gourm    .   F - +2 buckler {rPois}
rNeg     . . .     Faith    .   b - +0 scale mail
rPois    +         Spirit   .   s - +0 helmet
rElec    .         Reflect  .   S - +0 cloak
rCorr    .         Harm     .   m - +0 pair of gloves
MR       ++...                  (no boots)
Stlth    ..........             (no amulet)
Regen    0.0/turn               t - ring of protection from magic
MPRegen  0.1/turn               C - ring of Wishful Thinking {rPois rF+ Str+4 Dex-4}

@: barbed spikes, non-regenerating
A: damage resistance, heal wounds, talons 1, dopey 1, sense surroundings 2,
strong 1, no regeneration
a: Heal Wounds, Minor Destruction, Lesser Servant of Makhleb, Renounce Religion


You were on level 9 of the Dungeon.
You worshipped Makhleb.
Makhleb was most pleased with you.
You were hungry.

You visited 2 branches of the dungeon, and saw 10 of its levels.

You collected 542 gold pieces.

Inventory:

Hand Weapons
 a - a +0 war axe
 k - a +0 broad axe
 A - a +0 hand axe of venom (weapon)
Missiles
 p - 2 throwing nets (quivered)
Armour
 b - a +0 scale mail (worn)
 m - a +0 pair of gloves (worn)
 s - a +0 helmet (worn)
 F - a +2 buckler of poison resistance (worn)
 S - a +0 cloak (worn)
 T - the +2 robe of the Blizzard {Dex+5}
   (You found it on level 7 of the Dungeon)

   It affects your dexterity (+5).
Magical Staves
 G - an uncursed staff of fire
Jewellery
 t - a ring of protection from magic (left hand)
 C - the ring of Wishful Thinking (right hand) {rPois rF+ Str+4 Dex-4}
   (You found it on level 4 of the Dungeon)

   [ring of protection from fire]

   It affects your strength (+4).
   It affects your dexterity (-4).
   It protects you from fire.
   It protects you from poison.
 P - an uncursed ring of protection from fire {unknown}
Wands
 d - a wand of lightning (5/15)
 x - a wand of acid (3/15)
 y - a wand of random effects (0/48)
 H - a wand of flame (26/48)
 J - a wand of clouds (4/9)
 M - a wand of confusion (20/48)
 N - a wand of enslavement (18/24)
 O - a wand of flame (24/48)
 Q - a wand of confusion (11/48)
 V - a wand of lightning (6/15)
Scrolls
 e - 2 scrolls of fog {unknown}
 h - 6 scrolls of remove curse
 i - 8 scrolls of identify
 n - 7 scrolls of teleportation {unknown}
 o - 5 scrolls of blinking {unknown}
 z - 2 scrolls of recharging {unknown}
 B - a scroll of enchant weapon {unknown}
 D - a scroll of amnesia {unknown}
 E - 2 scrolls of immolation {unknown}
 L - a scroll of magic mapping {unknown}
Potions
 c - a potion of flight
 j - a potion of resistance
 r - a potion of ambrosia
 u - a potion of magic
 v - 2 potions of lignification
 w - 2 potions of haste
 I - 3 potions of curing
 K - a potion of mutation
Books
 R - a book of Air

   Spells                             Type                      Level
   a - Shock                          Conjuration/Air              1
   b - Swiftness                      Charms/Air                   2
   c - Static Discharge               Conjuration/Air              3
   d - Airstrike                      Air                          4
   e - Lightning Bolt                 Conjuration/Air              5
Miscellaneous
 U - a sack of spiders
Comestibles
 f - 5 bread rations
 g - 9 meat rations
 l - 5 royal jellies


   Skills:
 + Level 5.6 Fighting
 - Level 14.0 Axes
 - Level 5.0 Armour
 - Level 7.2 Dodging
 - Level 5.8 Shields
 - Level 0.3 Evocations


You had 9 spell levels left.
You didn't know any spells.

Dungeon Overview and Level Annotations

Branches:
Dungeon (9/15)             Temple (1/1) D:6            Lair (0/6) D:8
    Orc (0/2) D:9

Altars:
Ashenzari
Dithmenos
Elyvilon
Fedhas
Gozag
Hepliaklqana
Kikubaaqudgha
Makhleb
Nemelex Xobeh
Okawaru
Qazlal
Ru
Sif Muna
Trog
Vehumet
Xom

Annotations:
D:8 keltmir's ghost, novice HOFi


Innate Abilities, Weirdness & Mutations

You are resistant to damage.
You can heal yourself by infusing magical energy.
You passively map the area around you.
You do not regenerate.
You have sharp toenails.
You are dopey. (Int -2)
Your muscles are strong. (Str +2)


Message History

You feel better.
You hit the jackal.
The jackal is poisoned.
Your kick misses the jackal.
The jackal is severely wounded.
The jackal closely misses you.
You slash the jackal!
You kill the jackal!
Makhleb accepts your kill.
You feel better.
A manticore comes into view.
You see here a club.
The helpless rat fails to defend itself.
You hit the rat.
You kill the rat!
Makhleb accepts your kill.
You hit the jackal.
The jackal is poisoned.
You block the jackal's attack.
The jackal bites you but does no damage.
The manticore flicks its tail.
The volley of spikes hits you!
The barbed spikes become lodged in your body.
You die...

,, , * , ,* * , .. ,
, * * , .'## ## *+
*,, , ,#H..#., ,,, *
, ,#...#. , ,... *,
,, ..... , #.#* ,
###._.### #.# ,
#.......###.#+#### *
, #.@h#........#### *
, #..)#............ '
####'........##### ,,
, *
#.)....††........, ,
, **
#......†)...###### ,
................<....
***
##.#...........#.....
, * * *
#.#......(....#.....
, 8 #
#...........#...##


You could see a manticore and a jackal.

Vanquished Creatures
  Pikel (D:7)
  Maurice (D:8)
  Psyche (D:9)
  The ghost of Irenicus the Chopper, an amateur DDMo (D:4)
  Prince Ribbit (D:7)
  A dream sheep (D:9)
  3 yaks (D:9)
  3 wyverns
  A hungry ghost (D:9)
  Duvessa (D:7)
  An ice beast (D:6)
  3 orc warriors
  A black bear (D:9)
  2 sky beasts
  3 phantoms
  7 ogres
  2 centaurs
  2 bullfrogs (D:7)
  Blork the orc (D:4)
  4 scorpions
  2 troll zombies (D:9)
  Dowan (D:7)
  8 killer bees
  3 howler monkeys
  7 crimson imps
  2 bullfrog zombies
  10 hounds
  3 jellies
  12 orc wizards
  Crazy Yiuf (D:7)
  A centaur skeleton (D:6)
  7 orc priests
  2 bullfrog skeletons (D:5)
  3 iguanas
  Natasha (thrice) (D:3)
  4 worker ants
  4 ogre zombies (D:9)
  A hound skeleton (D:5)
  A howler monkey zombie (D:8)
  5 gnolls
  6 adders
  An adder zombie (D:7)
  3 worms
  A dart slug (D:1)
  A leopard gecko (D:3)
  35 orcs
  5 giant cockroaches
  9 goblins
  4 hobgoblins
  12 jackals
  A quokka (D:3)
  5 bats
  7 frilled lizards
  2 goblin skeletons (D:9)
  6 goblin zombies (D:9)
  A jackal skeleton (D:4)
  A jackal zombie (D:5)
  6 kobolds
  11 orc zombies (D:9)
  A quokka zombie (D:8)
  9 rats
247 creatures vanquished.

Vanquished Creatures (others)
  A jelly (D:7)
1 creature vanquished.

Grand Total: 248 creatures vanquished

Notes
Turn   | Place    | Note
-------+----------+-------------------------------------------
     0 | D:1      | Irenicus the Deep Dwarf Fighter began the quest for the Orb.
     0 | D:1      | Reached XP level 1. HP: 20/20 MP: 1/1
    29 | D:1      | Reached skill level 3 in Axes
    38 | D:1      | Reached XP level 2. HP: 25/27 MP: 2/2
   730 | D:2      | Reached XP level 3. HP: 27/34 MP: 3/3
   878 | D:3      | Noticed Natasha
   882 | D:3      | Killed Natasha
  1033 | D:3      | Noticed Natasha
  1049 | D:3      | Killed Natasha
  1049 | D:3      | Reached skill level 4 in Axes
  1049 | D:3      | Reached XP level 4. HP: 34/42 MP: 3/3
  1073 | D:3      | Noticed Natasha
  1086 | D:3      | Killed Natasha
  1293 | D:3      | Found a shimmering altar of Xom.
  1302 | D:3      | Found a shimmering altar of Xom.
  1309 | D:3      | Found a shimmering altar of Xom.
  1309 | D:3      | Found a shimmering altar of Xom.
  1317 | D:3      | You fall through a shaft for 2 floors!
  1317 | D:5      | Entered Level 5 of the Dungeon
  1321 | D:5      | Noticed an ogre
  1327 | D:5      | Reached skill level 5 in Axes
  1327 | D:5      | Reached XP level 5. HP: 34/49 MP: 4/4
  1329 | D:5      | Killed an ogre
  1334 | D:5      | Reached skill level 6 in Axes
  1336 | D:5      | Noticed an ogre
  1340 | D:5      | Reached XP level 6. HP: 39/56 MP: 5/5
  1398 | D:5      | Reached skill level 7 in Axes
  1455 | D:4      | Got a clouded copper ring
  1456 | D:4      | Identified the ring of Wishful Thinking {rPois rF+ Str+4 Dex-4} (You found it on level 4 of the Dungeon)
  1559 | D:3      | Reached XP level 7. HP: 23/62 MP: 6/6
  1890 | D:2      | Reached skill level 8 in Axes
  1964 | D:2      | Found a shadowy altar of Dithmenos.
  2714 | D:4      | Noticed Blork the orc
  2730 | D:4      | Killed Blork the orc
  2757 | D:4      | Found a deep blue altar of Sif Muna.
  2910 | D:4      | Found a blossoming altar of Fedhas.
  2913 | D:4      | Noticed Irenicus's ghost (amateur DDMo)
  2913 | D:4      | Found an ancient bone altar of Kikubaaqudgha.
  2923 | D:4      | Killed Irenicus's ghost
  2923 | D:4      | Reached skill level 9 in Axes
  3010 | D:4      | Reached XP level 8. HP: 27/69 MP: 6/6
  3033 | D:5      | Reached skill level 10 in Axes
  3164 | D:5      | Found a hazy altar of Hepliaklqana.
  3297 | D:5      | Reached skill level 11 in Axes
  3705 | D:6      | Found a staircase to the Ecumenical Temple.
  3751 | Temple   | Entered the Ecumenical Temple
  3778 | Temple   | Became a worshipper of Makhleb the Destroyer
  3875 | D:6      | Reached skill level 5 in Shields
  3901 | D:6      | Found a radiant altar of Vehumet.
  3948 | D:6      | Gained mutation: You passively map the area around you. [Deep Dwarf growth]
  3948 | D:6      | Reached XP level 9. HP: 44/75 MP: 6/6
  4158 | D:6      | Reached skill level 12 in Axes
  4203 | D:6      | Reached * piety under Makhleb
  4336 | D:6      | Found a stormy altar of Qazlal.
  4336 | D:6      | Found an opulent altar of Gozag.
  4697 | D:7      | Noticed Dowan
  4698 | D:7      | Noticed Duvessa
  4707 | D:7      | Killed Dowan
  4711 | D:7      | Killed Duvessa
  4824 | D:7      | Reached skill level 13 in Axes
  4905 | D:7      | Noticed Pikel
  4918 | D:7      | Killed Pikel
  4977 | D:7      | Noticed Prince Ribbit
  4981 | D:7      | Gained mutation: You are dopey. (Int -2) [potion of mutation]
  4981 | D:7      | Gained mutation: Your muscles are strong. (Str +2) [potion of mutation]
  4981 | D:7      | Gained mutation: You have sharp toenails. [potion of mutation]
  4997 | D:7      | Killed Prince Ribbit
  4997 | D:7      | Reached skill level 14 in Axes
  5008 | D:7      | Reached XP level 10. HP: 29/84 MP: 6/6
  5120 | D:7      | Found an iron altar of Okawaru.
  5121 | D:7      | Found a bloodstained altar of Trog.
  5222 | D:7      | Found a runed door.
  5226 | D:7      | Noticed Crazy Yiuf
  5229 | D:7      | Killed Crazy Yiuf
  5321 | D:7      | Got a creamy pearl robe
  5332 | D:7      | Identified the +2 robe of the Blizzard {Dex+5} (You found it on level 7 of the Dungeon)
  5534 | D:8      | Found a staircase to the Lair.
  5793 | D:8      | Reached skill level 5 in Armour
  6051 | D:8      | Noticed Maurice
  6062 | D:8      | Killed Maurice
  6093 | D:8      | Reached ** piety under Makhleb
  6196 | D:8      | Noticed keltmir's ghost (novice HOFi)
  6284 | D:9      | Reached skill level 5 in Dodging
  6459 | D:9      | Found a staircase to the Orcish Mines.
  6739 | D:9      | Reached *** piety under Makhleb
  6752 | D:9      | Noticed Psyche
  6763 | D:9      | Killed Psyche
  6763 | D:9      | Reached skill level 5 in Fighting
  6772 | D:9      | Found a sacrificial altar of Ru.
  6801 | D:9      | Noticed a manticore
  6802 | D:9      | Killed from afar by a manticore

Skill      XL: |  1  2  3  4  5  6  7  8  9 10 |
---------------+-------------------------------+-----
Axes           | 3 4 5 6 7 9 11 14 | 14.0
Fighting       | 3 5 |  5.6
Dodging        | 2 7 |  7.2
Shields        | 5 |  5.8
Armour         | 5 |  5.0
Evocations     | |  0.3

Action                   |  1- 3 |  4- 6 |  7- 9 | 10-12 || total
-------------------------+-------+-------+-------+-------++-------
Melee: War axe           |   113 |    81 |   201 |       ||   395
       Hand axe          |       |       |   173 |   315 ||   488
       Kick              |       |       |     9 |    99 ||   108
 Abil: Heal Wounds       |     1 |       |     5 |     2 ||     8
Evoke: Wand              |       |       |    10 |       ||    10
  Use: Potion            |       |     2 |    13 |       ||    15
       Scroll            |       |       |     3 |       ||     3
 Stab: Confused          |       |       |     1 |       ||     1
       Invisible         |       |       |       |     1 ||     1
       Paralysed         |       |       |       |     1 ||     1
  Eat: Chunk             |       |     2 |    10 |     4 ||    16
       Royal jelly       |       |       |     1 |       ||     1
       Fruit             |       |       |       |     3 ||     3
Armor: Scale mail        |    55 |    43 |   113 |    54 ||   265
Dodge: Dodged            |    55 |    54 |   114 |   104 ||   327
Block: Buckler           |       |     7 |    87 |    49 ||   143
